 Dungeon Crawl Stone Soup version 0.30-a0-879-ga8ba668304 (webtiles) character file.

Game seed: 8873015707729675010

12105 Newt the Skirmisher (level 12, -1/73 HPs)
             Began as a Kobold Hunter on Mar 13, 2023.
             Was an Elder of Qazlal.
             Slain by a harpy zombie (2 damage)
             ... on level 1 of the Abyss.
             The game lasted 00:15:13 (10541 turns).

Newt the Skirmisher (Kobold Hunter)                Turns: 10541, Time: 00:15:14

Health: -1/73      AC:  9    Str:  7 (8)  XL:     12   Next: 16%
Magic:  21/21      EV: 21    Int: 11      God:    Qazlal [****..]
Gold:   605        SH: 10    Dex: 29      Spells: 21/23 levels left

rFire   . . .      SeeInvis .    a - +2 shortbow (drain)
rCold   x . .      Faith    .    (shield currently unavailable)
rNeg    . . .      Spirit   .    c - +0 leather armour
rPois   .          Reflect  +    v - +2 helmet
rElec   .          Rampage  .    C - +2 cloak
rCorr   .                        (no gloves)
Will    .....                    (no boots)
Stlth   ++                       j - amulet of reflection
HPRegen 0.00/turn                r - ring of protection from cold
MPRegen 0.17/turn                x - +6 ring of dexterity

@: inhibited regen, invisible, repel missiles
A: small, no large weapons, nightstalker 3, [deterioration 2], [inhibited
regeneration], [cold vulnerability 2], [subdued magic 2]
a: Renounce Religion, Upheaval, Elemental Force


You were on level 1 of the Abyss.
You worshipped Qazlal.
Qazlal was greatly pleased with you.
You visited 2 branches of the dungeon, and saw 11 of its levels.
You visited the Abyss 1 time.

You collected 605 gold pieces.

Inventory:

Hand Weapons
 a - a +2 shortbow of draining (weapon)
Missiles
 p - 3 datura-tipped darts
Armour
 c - a +0 leather armour (worn)
 s - a +0 cloak
 v - a +2 helmet (worn)
 C - a +2 cloak (worn)
 G - the +0 cloak of Duypaned {rF+ Int+3 Dex-3}
   (You found it on level 8 of the Dungeon)

   Int:       It affects your intelligence (+3).
   Dex:       It affects your dexterity (-3).
   rF:        It protects you from fire.
Jewellery
 j - an amulet of reflection (around neck)
 q - a ring of ice
 r - a ring of protection from cold (left hand)
 x - a +6 ring of dexterity (right hand)
 B - a +6 ring of strength
 D - an amulet of the acrobat
 E - a ring of protection from cold
 H - a ring of magical power
Wands
 y - a wand of polymorph (8)
 A - a wand of flame (15)
 I - a wand of paralysis (5)
 K - a wand of roots (2)
 L - a wand of quicksilver (7)
Scrolls
 b - 4 scrolls of immolation
 g - 2 scrolls of amnesia
 w - 3 scrolls of fear
 F - a scroll of identify
 J - a scroll of silence
 M - a scroll of enchant armour
Potions
 e - 3 potions of brilliance
 i - 2 potions of attraction
 l - a potion of resistance
 m - a potion of cancellation
 n - 3 potions of might
 o - 2 potions of flight
 t - 2 potions of mutation
 u - 2 potions of magic
 z - 2 potions of lignification {unknown}


   Skills:
 - Level 8.0 Fighting
 + Level 13.5 Ranged Weapons
 - Level 4.0 Armour
 - Level 7.0 Dodging
 - Level 1.3 Stealth
 - Level 6.0 Spellcasting
 - Level 6.0 Transmutations
 - Level 6.0 Invocations
 - Level 8.0 Evocations


You had 21 spell levels left.
You knew the following spells:

 Your Spells              Type           Power      Damage    Failure   Level
a - Wereblood             Tmut           10%        N/A       1%          2

Your spell library contained the following spells:

 Spells                   Type           Power      Damage    Failure   Level
 Beastly Appendage        Tmut           20%        N/A       1%          1
 Sting                    Tmut/Pois      24%        1d4       5%          1
 Spider Form              Tmut/Pois      6%         N/A       17%         3
 Ensorcelled Hibernation  Hex/Ice        4%         N/A       30%         2
 Poisonous Vapours        Pois/Air       4%         N/A       30%         2
 Anguish                  Hex/Necr       1%         N/A       92%         4
 Olgreb's Toxic Radiance  Pois           2%         N/A       92%         4
 Conjure Ball Lightning   Conj/Air       1%         3x3d6     100%        6
 Discord                  Hex            1%         N/A       100%        8
 Disjunction              Tloc           1%         N/A       100%        8


Dungeon Overview and Level Annotations

Branches:
Dungeon (10/15)            Temple (1/1) D:6            Lair (0/5) D:9
    Orc (0/2) D:9

Altars:
Ashenzari
Cheibriados
Dithmenos
Elyvilon
Fedhas
Gozag
Hepliaklqana
Kikubaaqudgha
Makhleb
Nemelex Xobeh
Okawaru
Qazlal
Ru
Sif Muna
Trog
Uskayaw
Vehumet
Wu Jian
Yredelemnul
Zin
The Shining One

Shops:
D:3 [

Annotations:
D:10 Erolcha


Innate Abilities, Weirdness & Mutations

You are small and have problems with some larger weapons.
You are completely attuned to the shadows.
[Your body often deteriorates upon taking damage.]
[You do not regenerate when monsters are visible.]
[You are very vulnerable to cold. (rC--)]
[Your spells are easier to cast, but less powerful.]


Message History

A bone dragon comes into view.
A large abomination comes into view.
A harpy zombie comes into view.
The harpy zombie attacks as you move away!
You block the harpy zombie's attack. The harpy zombie claws you.
* * * LOW HITPOINT WARNING * * *
The harpy zombie completely misses you. The harpy zombie misses you.
The harpy zombie closely misses you. You block the harpy zombie's attack.
The harpy zombie claws you but does no damage.
The harpy zombie claws you!
* * * LOW HITPOINT WARNING * * *
The harpy zombie misses you.
The harpy zombie claws you but does no damage.
The harpy zombie closely misses you. You block the harpy zombie's attack.
You block the harpy zombie's attack. The harpy zombie misses you.
The harpy zombie attacks as you move away!
The harpy zombie claws you.
* * * LOW HITPOINT WARNING * * *
You block the harpy zombie's attack. The harpy zombie barely misses you.
You block the harpy zombie's attack.
The harpy zombie claws you but does no damage.
The harpy zombie misses you.
You fade into invisibility!
The harpy zombie completely misses you. The harpy zombie misses you.
You block the harpy zombie's attack. The harpy zombie barely misses you.
A large abomination comes into view.
The harpy zombie barely misses you. The harpy zombie completely misses you.
Unknown command.
The harpy zombie barely misses you. You block the harpy zombie's attack.
The harpy zombie claws you but does no damage.
The harpy zombie barely misses you.
The harpy zombie completely misses you. x2
The harpy zombie claws you but does no damage.
The harpy zombie completely misses you.
The bone dragon is struck by lightning.
Unknown command.
The harpy zombie closely misses you. The harpy zombie completely misses you.
The harpy zombie misses you. The harpy zombie barely misses you.
The harpy zombie closely misses you. The harpy zombie barely misses you.
The harpy zombie misses you. You block the harpy zombie's attack.
The harpy zombie claws you.
You die...

.#..###.#.. ..
...#..#
.###.......##.
....X#*..#... ..
.....#.#. # ..
.#.#X####.##....
#.#...#...#.. ..
#.##Z§..#..*.#.#
#..○@######...#..
#....# #. .. ..
..○### #. ##...
#.. #.#...#.. ..
§..#. ## .... #
..#X ...


You could see a large abomination (wandering, unable to see you) and a harpy
zombie (unable to see you).

Vanquished Creatures
  5 two-headed ogres
  An unseen horror (D:10)
  A troll (D:10)
  A hornet (D:10)
  Prince Ribbit (D:5)
  3 shadows (D:9)
  5 yaks (D:10)
  A ynoxinul (Abyss:1)
  3 basilisks (D:9)
  A wraith (D:10)
  A steam dragon (D:8)
  2 two-headed ogre zombies (D:9)
  An acid dragon (D:10)
  A large abomination (Abyss:1)
  6 water moccasins
  A small abomination (Abyss:1)
  2 ice beasts
  2 sky beasts
  4 orc warriors
  2 black bears (D:9)
  2 ogres
  3 centaurs
  3 wolves (D:9)
  A phantom (D:5)
  2 kobold brigands
  3 bullfrogs
  2 gnoll sergeants (D:9)
  2 scorpions
  15 wights
  16 killer bees
  4 troll zombies (D:9)
  A crimson imp (D:3)
  A bullfrog zombie (D:4)
  2 hounds
  A quasit (Abyss:1)
  Crazy Yiuf (D:3)
  4 orc priests
  3 jellies
  Ijyb (D:5)
  3 iguanas (D:5)
  4 sleepcaps
  10 orc wizards
  2 ogre zombies (D:9)
  A hound zombie (D:4)
  9 adders
  8 gnolls
  A white imp (D:6)
  An ufetubus (D:6)
  A worm (D:2)
  A dart slug (D:1)
  24 orcs
  16 ball pythons
  9 endoplasms
  4 giant cockroaches
  7 goblins
  12 hobgoblins
  2 jackals (D:3)
  18 kobolds
  5 quokkas
  10 bats
  3 frilled lizards
  A goblin skeleton (D:9)
  3 goblin zombies (D:9)
  A hobgoblin skeleton (D:9)
  4 hobgoblin zombies (D:9)
  An orc skeleton (D:9)
  15 orc zombies (D:9)
  4 rats (D:1)
  A spectral orc (D:10)
292 creatures vanquished.

Vanquished Creatures (others)
  A small abomination (Abyss:1)
  2 demonic plants (Abyss:1)
  A fungus (D:9)
  20 plants
24 creatures vanquished.

Grand Total: 316 creatures vanquished

Notes
Turn   | Place    | Note
-------+----------+-------------------------------------------
     0 | D:1      | Newt the Kobold Hunter began the quest for the Orb.
     0 | D:1      | Reached XP level 1. HP: 12/12 MP: 1/1
   142 | D:1      | Reached XP level 2. HP: 18/18 MP: 2/2
   227 | D:1      | Reached XP level 3. HP: 17/23 MP: 3/3
  1167 | D:2      | Reached XP level 4. HP: 30/30 MP: 4/4
  1439 | D:2      | Reached skill level 5 in Fighting
  1563 | D:2      | Reached XP level 5. HP: 35/35 MP: 5/5
  1589 | D:2      | Reached skill level 6 in Ranged Weapons
  1718 | D:2      | Found an ornate altar of the Wu Jian Council.
  2050 | D:3      | Found a burning altar of Makhleb.
  2050 | D:3      | Found a radiant altar of Vehumet.
  2164 | D:3      | Found a white marble altar of Elyvilon.
  2282 | D:3      | Found Batzeuna's Armour Boutique.
  2326 | D:3      | Found a runed translucent door.
  2329 | D:3      | Noticed Crazy Yiuf
  2332 | D:3      | Killed Crazy Yiuf
  2333 | D:3      | Reached skill level 7 in Ranged Weapons
  2333 | D:3      | Reached XP level 6. HP: 40/40 MP: 6/6
  2478 | D:3      | Found a shadowy altar of Dithmenos.
  2798 | D:4      | Reached skill level 8 in Ranged Weapons
  2880 | D:4      | Found a basalt altar of Yredelemnul.
  2930 | D:4      | Noticed an ogre
  2933 | D:4      | Killed an ogre
  2934 | D:4      | Reached skill level 9 in Ranged Weapons
  2934 | D:4      | Reached XP level 7. HP: 44/44 MP: 7/7
  2943 | D:4      | Found an ornate altar of the Wu Jian Council.
  3069 | D:4      | Found a large runed translucent door.
  3069 | D:4      | Found a large runed translucent door.
  3122 | D:4      | Found a shimmering blue altar of Sif Muna.
  3652 | D:4      | Found a glowing golden altar of the Shining One.
  3655 | D:4      | Found a bloodstained altar of Trog.
  3679 | D:5      | Entered Level 5 of the Dungeon
  3720 | D:5      | Noticed Ijyb
  3726 | D:5      | Killed Ijyb
  3735 | D:5      | Reached skill level 10 in Ranged Weapons
  3893 | D:5      | Reached XP level 8. HP: 49/49 MP: 8/8
  3897 | D:5      | Noticed Prince Ribbit
  3907 | D:5      | Killed Prince Ribbit
  4162 | D:5      | Reached skill level 1 in Spellcasting
  4162 | D:5      | Reached skill level 1 in Transmutations
  4315 | D:6      | Found a staircase to the Ecumenical Temple.
  4341 | Temple   | Entered the Ecumenical Temple
  4392 | Temple   | Became a worshipper of Qazlal Stormbringer
  4504 | D:6      | Reached XP level 9. HP: 48/54 MP: 11/13
  4521 | D:6      | Learned a level 2 spell: Wereblood
  5158 | D:7      | Reached skill level 5 in Spellcasting
  5158 | D:7      | Reached skill level 5 in Transmutations
  5515 | D:7      | Found a broken altar of Ashenzari.
  5861 | D:7      | Reached * piety under Qazlal
  6090 | D:7      | Reached XP level 10. HP: 53/60 MP: 19/19
  6626 | D:8      | Identified the +0 cloak of Duypaned {rF+ Int+3 Dex-3}
  6997 | D:8      | Reached skill level 1 in Evocations
  7180 | D:8      | Found a blossoming altar of Fedhas.
  7222 | D:9      | Noticed a two-headed ogre
  7286 | D:9      | Reached ** piety under Qazlal
  7317 | D:9      | Reached skill level 5 in Evocations
  7514 | D:9      | Found a staircase to the Orcish Mines.
  8148 | D:9      | Reached *** piety under Qazlal
  8153 | D:9      | Reached XP level 11. HP: 68/68 MP: 20/20
  8191 | D:9      | Reached skill level 1 in Armour
  8212 | D:9      | Killed a two-headed ogre
  8371 | D:9      | Reached skill level 1 in Invocations
  8425 | D:9      | Found a staircase to the Lair.
  8708 | D:9      | Noticed a two-headed ogre
  8720 | D:9      | Killed a two-headed ogre
  9283 | D:10     | Entered Level 10 of the Dungeon
  9392 | D:10     | Reached skill level 5 in Invocations
  9605 | D:10     | Noticed a two-headed ogre
  9613 | D:10     | Killed a two-headed ogre
  9818 | D:10     | Reached skill level 11 in Ranged Weapons
  9890 | D:10     | Reached **** piety under Qazlal
  9930 | D:10     | Noticed a two-headed ogre
  9953 | D:10     | Killed a two-headed ogre
  9954 | D:10     | Reached skill level 12 in Ranged Weapons
  9958 | D:10     | Reached XP level 12. HP: 60/73 MP: 21/21
  9988 | D:10     | Noticed a two-headed ogre
  9995 | D:10     | Killed a two-headed ogre
  9996 | D:10     | Reached skill level 13 in Ranged Weapons
 10176 | D:10     | Found a hazy altar of Hepliaklqana.
 10219 | D:10     | Noticed Erolcha
 10221 | Abyss:1  | Cast into level 1 of the Abyss (Erolcha)
 10265 | Abyss:1  | Found a corrupted altar of Lugonu.
 10404 | Abyss:1  | Found a corrupted altar of Lugonu.
 10432 | Abyss:1  | Noticed a wretched star
 10457 | Abyss:1  | Noticed a cyan very ugly thing
 10465 | Abyss:1  | Noticed a starcursed mass
 10469 | Abyss:1  | Noticed a large abomination
 10491 | Abyss:1  | Noticed a wretched star
 10525 | Abyss:1  | Noticed a bone dragon
 10532 | Abyss:1  | HP: 1/73 [harpy zombie (5)]
 10541 | Abyss:1  | Slain by a harpy zombie

Illustrated notes

Levels and vault maps discovered:
D:1:      dpeg_arrival_arbitrary_a, layout_basic, minmay_heptomino_w4
D:2:      minmay_skewed_foursquare, layout_rooms, basic_altar,
          minmay_increasing_density
D:3:      layout_loops_ring, grunt_temple_overflow_lords_of_destruction,
          nicolae_dithmenos_shadow_blocks, elyvilon_altar_1, serial_shops, shop,
          kennysheep_generic_room_3, uniq_crazy_yiuf_cottage
D:4:      layout_rooms, lemuel_zombie_altar_yredelemnul,
          nicolae_overflow_hidden_temple, jmf_multi_god_temple2,
          mainiacjoe_overflow_alcove_1, minmay_strange_pillars
D:5:      layout_rooms, uniq_prince_ribbit1, uniq_ijyb
D:6:      layout_rooms, minmay_temple_entry_waves
D:7:      layout_layer_cave, mainiacjoe_overflow_boulevard, serial_rivers,
          chequers_serial_rivers_micro_b, chequers_serial_rivers_small_a,
          chequers_serial_rivers_small_3, chequers_serial_rivers_large_a
D:8:      layout_loops_ring, kennysheep_mini_moat
D:9:      layout_stronghold, minmay_lair_entry_grove, zombieorc2_lemuel,
          corexii_checkpoint_b
D:10:     layout_basic, tgw_xom, nicolae_hepliaklqana_monster_ancestors,
          minmay_joined_circles, uniq_erolcha
Temple:   hellmonk_temple_rainy
Abyss:1:  base: D:4, guppyfry_abyss_exit_spiral_guarded,
          evilmike_abyss_exit_plants

Skill      XL: |  1  2  3  4  5  6  7  8  9 10 11 12 |
---------------+-------------------------------------+-----
Fighting       | 3 4 5 8 |  8.0
Ranged Weapons | 7 9 10 12 13 | 13.5
Dodging        | 4 7 |  7.0
Spellcasting   | 2 6 |  6.0
Transmutations | 2 6 |  6.0
Evocations     | 8 |  8.0
Armour         | 4 |  4.0
Invocations    | 6 |  6.0
Stealth        | |  1.3

Action                     |  1- 3 |  4- 6 |  7- 9 | 10-12 || total
---------------------------+-------+-------+-------+-------++-------
   Fire: Shortbow          |    91 |   154 |   245 |   472 ||   962
   Cast: Wereblood         |       |       |     1 |    15 ||    16
  Evoke: Wand              |       |       |       |     5 ||     5
    Use: Scroll            |     3 |     2 |    11 |     9 ||    25
         Potion            |       |     3 |     2 |    14 ||    19
 Armour: Leather armour    |    18 |    19 |    22 |    60 ||   119
  Dodge: Dodged            |    85 |    67 |   124 |   295 ||   571
         Repelled          |       |       |       |     2 ||     2
  Block: Other             |       |    20 |    30 |   156 ||   206
         Reflection        |       |       |       |     4 ||     4

Table legend: (Time is in decaauts)
 A = Elapsed time spent in this place.
 B = Non-inter-level travel time spent in this place.
 C = Inter-level travel time spent in this place.
 D = Time resting spent in this place.
 E = Time spent auto-exploring this place.
 F = Levels seen in this place.
 G = Mean time per level.
                   A        B        C        D        E       F      G
               +--------+--------+--------+--------+--------+-----+--------+
         Total |  10613 |  10302 |    311 |   1637 |   6881 |  12 |  884.4 |
       Dungeon |  10250 |   9962 |    288 |   1550 |   6861 |  10 | 1025.0 |
        Temple |     65 |     42 |     23 |      0 |     20 |   1 |   65.0 |
         Abyss |    297 |    297 |      0 |     87 |      0 |   1 |  297.0 |
               +--------+--------+--------+--------+--------+-----+--------+

Top non-repeatable levels by time:
     D:9: 2073 daAuts
     D:7: 1438 daAuts
     D:1: 1092 daAuts
    D:10: 938 daAuts
     D:3: 931 daAuts
     D:4: 901 daAuts
     D:2: 800 daAuts
     D:6: 791 daAuts
     D:8: 693 daAuts
     D:5: 588 daAuts
 Abyss:1: 297 daAuts
  Temple: 65 daAuts
